 Dungeon Crawl Stone Soup version 0.26.1-10-gdfb7c7de75 (webtiles) character file.

Game seed: 1367581355639288614

11986 Electrofox the Basher (level 11, -3/95 HPs)
             Began as a Minotaur Fighter on Apr 4, 2021.
             Was a High Priest of Okawaru.
             Slain by Jorgrun
             ... wielding an uncursed staff of earth
              (5 damage)
             ... while petrified by Jorgrun
             ... on level 12 of the Dungeon.
             The game lasted 01:03:38 (13456 turns).

Electrofox the Basher (Minotaur Fighter)           Turns: 13456, Time: 01:03:39

Health: -3/95      AC: 19    Str: 21    XL:     11   Next: 56%
Magic:  10/10      EV: -1    Int:  8    God:    Okawaru [*****.]
Gold:   738        SH:  0    Dex: 10    Spells: 10/10 levels left

rFire    + + .     SeeInvis .   a - +4 flail (venom)
rCold    + . .     Faith    .   c - +0 kite shield
rNeg     + + +     Spirit   .   y - +2 chain mail {rC+}
rPois    ∞         Reflect  +   (helmet restricted)
rElec    .         Harm     .   O - +0 cloak
rCorr    .         Rampage  .   m - +2 pair of gloves
Will     .....                  C - +0 pair of boots
Stlth    ..........             x - amulet of reflection
HPRegen  0.25/turn              R - ring of protection from fire
MPRegen  0.12/turn              p - ring of protection from fire

@: petrified, grasped by roots, constricted
A: retaliatory headbutt, horns 2
a: Renounce Religion, Heroism, Finesse


You were on level 12 of the Dungeon.
You worshipped Okawaru.
Okawaru was extremely pleased with you.
You visited 2 branches of the dungeon, and saw 14 of its levels.

You collected 738 gold pieces.

Inventory:

Hand Weapons
 a - a +4 flail of venom (weapon)
 b - a +0 hunting sling
Missiles
 s - 27 poisoned darts (quivered)
 A - 9 javelins
 K - 45 sling bullets
Armour
 c - a +0 kite shield (worn)
 m - a +2 pair of gloves (worn)
 y - a +2 chain mail of cold resistance (worn)
 C - a +0 pair of boots (worn)
 O - a +0 cloak (worn)
Jewellery
 e - an uncursed amulet of magic regeneration {unknown}
 p - a ring of protection from fire (right hand)
 v - a cursed amulet of inaccuracy {unknown}
 x - an amulet of reflection (around neck)
 R - a ring of protection from fire (left hand)
Wands
 q - a wand of iceblast (35)
 B - a wand of disintegration (9)
 G - a wand of digging (2)
 I - a wand of polymorph (28)
 P - a wand of paralysis (10)
 Q - a wand of flame (18)
Scrolls
 f - a scroll of blinking
 i - 2 scrolls of amnesia
 l - 3 scrolls of fog
 n - 4 scrolls of remove curse
 r - 4 scrolls of enchant armour
 u - a scroll of noise {unknown}
 w - a scroll of vulnerability {unknown}
 F - a scroll of fear {unknown}
 N - a scroll of enchant weapon {unknown}
Potions
 d - 3 potions of might
 g - 4 potions of curing
 h - a potion of flight
 k - 4 potions of haste
 o - a potion of resistance {unknown}
 t - a potion of lignification
 z - 2 potions of ambrosia
 H - a potion of cancellation {unknown}
 J - 2 potions of mutation


   Skills:
 + Level 8.5 Fighting
 - Level 11.9(13.8) Axes
 - Level 12.1(14.0) Maces & Flails
 + Level 8.5 Armour
 * Level 9.7 Shields


You had 10 spell levels left.
You didn't know any spells.
Your spell library contained the following spells:

 Spells                   Type           Power        Failure   Level
 Corona                   Hex            0%           99%         1
 Slow                     Hex            0%           100%        2
 Inner Flame              Hex/Fire       0%           100%        3
 Portal Projectile        Hex/Tloc       0%           100%        3
 Cause Fear               Hex            0%           100%        4
 Leda's Liquefaction      Hex/Erth       0%           100%        4


Dungeon Overview and Level Annotations

Branches:
Dungeon (13/15)            Temple (1/1) D:7            Lair (0/6) D:8
    Orc (0/2) D:12
 Vaults: D:13-14

Altars:
Ashenzari
Cheibriados
Dithmenos
Elyvilon
Fedhas
Gozag
Hepliaklqana
Kikubaaqudgha
Makhleb
Nemelex Xobeh
Okawaru
Qazlal
Ru
Sif Muna
Trog
Uskayaw
Vehumet
Wu Jian
Xom
Yredelemnul
Zin
The Shining One

Portals:
Bailey: D:13

Annotations:
D:9 2 runed translucent doors, exclusion: 2 doors, lasso's ghost, novice GnCj
D:10 2 transporters, exclusions: downstairs and 2 oklob plants, Phaedo's ghost, novice OpDe
D:12 Jorgrun


Innate Abilities, Weirdness & Mutations

You reflexively headbutt those who attack you in melee.
You have a pair of horns on your head.


Message History

Jorgrun hits you with an uncursed staff of earth!
* * * LOW HITPOINT WARNING * * *
Jorgrun shatters you!!
* * * LOW HITPOINT WARNING * * *
x2 The grasping roots constrict you.
Jorgrun points at you and mumbles some strange words.
* * * LOW HITPOINT WARNING * * *
The grasping roots constrict you.
The troll zombie bites you but does no damage.
The troll zombie claws you.
* * * LOW HITPOINT WARNING * * *
The troll zombie claws you but does no damage.
Jorgrun hits you with an uncursed staff of earth.
* * * LOW HITPOINT WARNING * * *
The grasping roots constrict you.
The troll zombie bites you but does no damage.
The troll zombie claws you.
The troll zombie claws you but does no damage.
Jorgrun hits you with an uncursed staff of earth!
You die...

#.## *,.* *****,*, #.#
*#..#******,*, #.#
*#....,,,,,,,*, ##.###
*#.....********, #..#.##
*#......,******,*
*########....####.......,,*,,,,,,
,...............+.......,,',,,,,,
*########.....###.......,,*,*,,,,
###....Z@.......,**,*,*,*
###.#g#.#.....***,*,*,,
######..#W##*...#* *,*,*,*
#........## **+## *,,,,,,
######..## *,* ***,,,, *#.## *,*
***,* *#..# **,** *,* #.#.#
**,,,** *,* ###.#****,,,,,*** *,*


You could see Jorgrun (very poisoned) and a troll zombie.

Vanquished Creatures
  A boulder beetle (D:11)
  A two-headed ogre (D:8)
  2 cyclopes
  4 trolls
  A komodo dragon (D:12)
  A hornet (D:10)
  A yak (D:11)
  A wyvern (D:8)
  A shadow (D:11)
  A vampire (D:12)
  2 wraiths (D:10)
  3 hogs (D:11)
  A human (D:11)
  A water moccasin (D:9)
  Duvessa (D:5)
  A hornet zombie (D:7)
  5 orc warriors
  Purgy (D:3)
  2 black bears
  2 ice beasts
  4 sky beasts
  4 ogres
  2 wolves (D:7)
  15 centaurs
  2 big kobolds
  5 bullfrogs
  A wyvern zombie (D:11)
  A gnoll sergeant (D:6)
  Dowan (D:5)
  A water moccasin zombie (D:6)
  A wyvern skeleton (D:11)
  A troll zombie (D:12)
  4 scorpions
  13 killer bees
  5 wights (D:6)
  4 howler monkeys
  2 electric eels (D:8)
  2 bullfrog zombies
  A centaur zombie (D:10)
  3 jellies
  6 quasits
  7 hounds
  2 centaur skeletons
  2 bullfrog skeletons
  4 orc priests
  5 iguanas
  Jessica (D:3)
  13 orc wizards
  8 worker ants
  A hound zombie (D:10)
  A hound skeleton (D:6)
  Robin (D:2)
  A howler monkey zombie (D:2)
  3 worker ant zombies
  7 gnolls
  11 adders
  2 shadow imps
  An ufetubus (D:9)
  4 adder zombies
  2 adder skeletons
  5 worms
  2 dart slugs
  8 leopard geckos
  36 orcs
  A bat skeleton (D:2)
  A bat zombie (D:2)
  2 giant cockroaches
  12 goblins
  11 hobgoblins
  5 jackals
  6 quokkas
  A ball python (D:7)
  6 bats
  5 frilled lizards
  A goblin skeleton (D:12)
  A jackal skeleton (D:2)
  A jackal zombie (D:7)
  13 kobolds
  An orc skeleton (D:12)
  An orc zombie (D:12)
  10 rats
  A spectral orc (D:6)
317 creatures vanquished.

Vanquished Creatures (others)
  A white imp (D:6)
  A fungus (D:3)
  2 plants (D:3)
4 creatures vanquished.

Grand Total: 321 creatures vanquished

Notes
Turn   | Place    | Note
-------+----------+-------------------------------------------
     0 | D:1      | Electrofox the Minotaur Fighter began the quest for the
                  | Orb.
     0 | D:1      | Reached XP level 1. HP: 19/19 MP: 0/0
   270 | D:1      | Reached XP level 2. HP: 26/26 MP: 1/1
   720 | D:1      | Reached XP level 3. HP: 31/31 MP: 2/2
   862 | D:2      | Found a faded altar of an unknown god.
  1005 | D:2      | Found an ancient bone altar of Kikubaaqudgha.
  1016 | D:2      | Reached skill level 5 in Axes
  1019 | D:2      | Noticed Robin
  1227 | D:1      | Reached XP level 4. HP: 27/39 MP: 3/3
  1327 | D:2      | Killed Robin
  1654 | D:3      | Noticed Purgy
  1658 | D:3      | Killed Purgy
  1659 | D:3      | Reached XP level 5. HP: 43/45 MP: 4/4
  1769 | D:3      | Noticed Jessica
  1790 | D:3      | Killed Jessica
  1817 | D:3      | Reached XP level 6. HP: 41/51 MP: 5/5
  2016 | D:3      | Found a sacrificial altar of Ru.
  2377 | D:3      | Found a snail-covered altar of Cheibriados.
  2402 | D:3      | Found a blossoming altar of Fedhas.
  2676 | D:4      | You fall into a shaft and drop 2 floors!
  2802 | D:6      | Reached XP level 7. HP: 36/57 MP: 6/6
  3333 | D:6      | Reached skill level 10 in Axes
  3691 | D:5      | Entered Level 5 of the Dungeon
  3775 | D:5      | Reached XP level 8. HP: 64/64 MP: 7/7
  3799 | D:5      | Noticed Dowan
  3818 | D:5      | Noticed Duvessa
  3826 | D:5      | Killed Duvessa
  3867 | D:5      | Killed Dowan
  4038 | D:5      | Noticed Edmund
  4039 | D:5      | Noticed Edmund
  4039 | D:5      | Edmund changed into Edmund the leopard gecko
  4047 | D:5      | Killed Edmund the leopard gecko
  4108 | D:4      | Reached skill level 1 in Maces & Flails
  4188 | D:4      | Reached skill level 2 in Maces & Flails
  4210 | D:4      | Reached skill level 3 in Maces & Flails
  4323 | D:4      | Reached skill level 4 in Maces & Flails
  4712 | D:5      | Reached skill level 5 in Maces & Flails
  4865 | D:5      | Reached skill level 6 in Maces & Flails
  5506 | D:6      | Reached skill level 7 in Maces & Flails
  5567 | D:6      | Reached XP level 9. HP: 27/70 MP: 8/8
  5969 | D:6      | Reached skill level 8 in Maces & Flails
  6190 | D:6      | Found a basalt altar of Yredelemnul.
  6624 | D:7      | Reached skill level 9 in Maces & Flails
  6792 | D:7      | Found a staircase to the Ecumenical Temple.
  6825 | Temple   | Entered the Ecumenical Temple
  6888 | Temple   | Became a worshipper of Warmaster Okawaru
  7016 | D:7      | Reached skill level 10 in Maces & Flails
  7590 | D:7      | Reached * piety under Okawaru
  7597 | D:7      | Reached skill level 11 in Maces & Flails
  7876 | D:7      | Reached XP level 10. HP: 66/80 MP: 9/9
  8275 | D:8      | Reached skill level 5 in Fighting
  8277 | D:8      | Reached skill level 5 in Armour
  8277 | D:8      | Reached skill level 5 in Shields
  8436 | D:8      | Found a staircase to the Lair.
  8519 | D:8      | Noticed a two-headed ogre
  8543 | D:8      | Killed a two-headed ogre
  8543 | D:8      | Reached ** piety under Okawaru
  8890 | D:8      | Found a shimmering blue altar of Sif Muna.
  9205 | D:8      | Reached skill level 12 in Maces & Flails
  9448 | D:9      | Found a large runed translucent door.
  9448 | D:9      | Found a large runed translucent door.
  9452 | D:9      | Noticed lasso's ghost (novice GnCj)
  9453 | D:9      | Found the macabre finger necklace {rN+}
  9589 | D:9      | Reached *** piety under Okawaru
  9606 | D:9      | Found a shadowy altar of Dithmenos.
 10056 | D:10     | Entered Level 10 of the Dungeon
 10098 | D:10     | Paralysed by a hornet for 2 turns
 10439 | D:10     | Found a transporter.
 10449 | D:10     | Noticed Phaedo's ghost (novice OpDe)
 10451 | D:10     | Noticed an oklob plant
 10454 | D:10     | Noticed a brown ugly thing
 10460 | D:10     | Found a transporter.
 10462 | D:10     | Noticed an oklob plant
 10639 | D:10     | You fall into a shaft and drop 3 floors!
 10639 | D:13     | Found an ancient bone altar of Kikubaaqudgha.
 10648 | D:13     | Noticed a centaur warrior
 10656 | D:13     | Noticed a deep elf mage
 10658 | D:13     | Noticed a cyclops
 10664 | D:13     | Reached **** piety under Okawaru
 10677 | D:13     | Noticed a cyclops
 10681 | D:13     | Noticed a centaur warrior
 10681 | D:13     | Found a flagged portal.
 11501 | D:10     | Reached XP level 11. HP: 84/92 MP: 10/10
 11967 | D:11     | Noticed a boulder beetle
 12282 | D:11     | Killed a boulder beetle
 12282 | D:11     | Reached ***** piety under Okawaru
 12592 | D:11     | Received a gift from Okawaru
 13062 | D:12     | Found a staircase to the Orcish Mines.
 13401 | D:12     | Noticed Jorgrun
 13454 | D:12     | HP: 4/95 [troll zombie (2)]
 13456 | D:12     | Slain by Jorgrun

Illustrated notes

Levels and vault maps discovered:
D:1:      matt_arrival_spirals, layout_rooms, serial_corexii_hall,
          chequers_hall_statues_wall_a, corexii_hall_statues_l,
          corexii_hall_statues_i, chequers_hall_statues_y
D:2:      layout_rooms, lemuel_round_altar, chequers_ecumenical_altar_simple,
          serial_undead, serial_undead_f, serial_undead_e, serial_undead_a,
          serial_undead_b, uniq_robin
D:3:      layout_loops_ring, kennysheep_slug_shrine,
          nicolae_ru_the_path_less_chosen, fedhas_altar_3, uniq_jessica,
          uniq_purgy
D:4:      layout_loops_cross
D:5:      layout_loops_corners, uniq_duvessa, uniq_edmund
D:6:      layout_gridville, yredelemnul_forgotten_temple_becter,
          minmay_misc_feat_secret_circle
D:7:      layout_loops_ring, minmay_temple_entry_mist
D:8:      layout_gridville, general_overflow_altar, erik_lair_island
D:9:      layout_cave_pools, nicolae_dithmenos_the_darkroom,
          ebering_ghost_disaster_area
D:10:     layout_loops_corners, nzn_ghost_randoct
D:11:     layout_roguey, grunt_livestock
D:12:     layout_loops_corners, zombieorc2_lemuel, gammafunk_ghost_smash,
          uniq_jorgrun
D:13:     layout_rooms, basic_altar, enter_bailey_5,
          lemuel_mausoleum_altar_kikubaaqudgha
Temple:   nicolae_temple_x_marks_the_god

Skill      XL: |  1  2  3  4  5  6  7  8  9 10 11 |
---------------+----------------------------------+-----
Axes           | 3 4 5 7 9 11 | 11.9
Maces & Flails | 7 11 12 | 12.1
Fighting       | 4 7 8 |  8.5
Armour         | 4 7 8 |  8.5
Shields        | 4 7 9 |  9.7

Action                   |  1- 3 |  4- 6 |  7- 9 | 10-12 || total
-------------------------+-------+-------+-------+-------++-------
Melee: War axe           |    88 |   119 |    70 |       ||   277
       Headbutt          |     8 |    12 |    54 |    59 ||   133
       Flail             |       |       |   263 |   413 ||   676
 Fire: Hunting sling     |       |       |    16 |     7 ||    23
Throw: Dart              |       |     1 |    23 |    21 ||    45
Evoke: Wand              |       |       |     6 |     5 ||    11
  Use: Scroll            |       |     6 |     7 |    11 ||    24
       Potion            |       |     1 |       |     2 ||     3
 Stab: Distracted        |       |       |     1 |       ||     1
Armor: Scale mail        |    30 |    37 |    54 |       ||   121
       Chain mail        |       |       |    33 |   154 ||   187
       Plate armour      |       |       |    15 |    34 ||    49
Dodge: Dodged            |    27 |    32 |    64 |    76 ||   199
Block: Kite shield       |    43 |    48 |   167 |   264 ||   522
       Reflection        |       |       |     4 |    25 ||    29
